 Dungeon Crawl Stone Soup version 0.26-a0-852-g6321bf7485 (webtiles) character file.

Game seed: 10315977745702374315

534 LufLufFighter the Changer (level 7, -4/53 HPs)
             Began as a Merfolk Transmuter on Nov 21, 2020.
             Killed from afar by an orc wizard (12 damage)
             ... with a puff of flame
             ... on level 5 of the Dungeon.
             The game lasted 00:07:25 (5895 turns).

LufLufFighter the Changer (Merfolk Transmuter)      Turns: 5895, Time: 00:07:25

Health: -4/53      AC:  2    Str: 12    XL:     7   Next: 25%
Magic:  12/12      EV: 13    Int: 13    God:
Gold:   284        SH:  0    Dex: 14    Spells: 3/13 levels left

rFire    x . .     SeeInvis .     - Unarmed
rCold    + . .     Faith    .   (no shield)
rNeg     . . .     Spirit   .   a - +0 robe
rPois    .         Reflect  .   (no helmet)
rElec    .         Harm     .   (no cloak)
rCorr    .         Rampage  .   (no gloves)
MR       .....     Rnd*Tele +   (no boots)
Stlth    +.........             (no amulet)
HPRegen  0.17/turn              k - ring of teleportation (curse)
MPRegen  0.13/turn              l - ring of ice

@: no status effects
A: change form in water, swift swim, stealthy swim
a: no special abilities


You were on level 5 of the Dungeon.
You visited 1 branch of the dungeon, and saw 5 of its levels.

You collected 284 gold pieces.

Inventory:

Armour
 a - a +0 robe (worn)
Jewellery
 k - a cursed ring of teleportation (left hand)
 l - a ring of ice (right hand)
Wands
 e - a wand of flame (8)
Scrolls
 b - a scroll of blinking
 d - 3 scrolls of amnesia
 p - a scroll of magic mapping {unknown}
 t - a scroll of identify
Potions
 c - 2 potions of lignification
 g - a potion of ambrosia {unknown}
 h - a potion of invisibility {unknown}
 i - a potion of haste
 j - a potion of curing {unknown}
 m - a potion of might
 n - a potion of heal wounds {unknown}
 q - a potion of berserk rage {unknown}
 r - a potion of degeneration {unknown}
 s - a potion of brilliance {unknown}


   Skills:
 * Level 3.9 Fighting
 - Level 2.6 Dodging
 - Level 3.2 Unarmed Combat
 * Level 3.7 Spellcasting
 * Level 5.4 Transmutations
 * Level 2.1 Ice Magic
 * Level 3.3 Poison Magic


You had 3 spell levels left.
You knew the following spells:

 Your Spells              Type           Power        Failure   Level
a - Beastly Appendage     Tmut           ###...       2%          1
b - Wereblood             Tmut           ###.....     3%          2
c - Spider Form           Tmut/Pois      ##........   11%         3
d - Ice Form              Ice/Tmut       ###.....     41%         4

Your spell library contained the following spells:

 Spells                   Type           Power        Failure   Level
 Blink                    Tloc           N/A          32%         2
 Static Discharge         Conj/Air       #.......     54%         3
 Blade Hands              Tmut           ###.......   52%         5
 Malign Gateway           Summ/Tloc      #.........   100%        7
 Disjunction              Tloc           #.........   100%        8


Dungeon Overview and Level Annotations

Branches:
Dungeon (5/15)
 Temple: D:4-7

Altars:
Elyvilon
Nemelex Xobeh
Ru
Trog


Message History

You are no longer poisoned.
You start resting.
An orc is nearby!
You start resting.
An orc is nearby!
You start resting.
An orc is nearby!
You start resting.
An orc is nearby!
You start resting.
An orc is nearby!
Press: ? - help, Dir - move target cursor
As you read the scroll of blinking, it crumbles to dust.
An orc wizard appears from thin air!
Reactivating autopickup.
The orc wizard mumbles some strange words.
The orc wizard seems to speed up.
The orc wizard gestures at you while chanting.
The puff of flame hits you! The fire burns you terribly!
You die...

o.#..#'#'#.......
####.#..###.###.....#
#......###._.# #....#
#.#.....###.## .....
#........#### ##..#
###.#.>##...# ...
#........... ##
#.....#.#..##.#
#.#.###.o....@# #
#.#.......#
#.......### #o......#
#.......# #.......#
#.......# #ยง......#
#.......#


You could see an orc wizard (fast) and an orc.

Vanquished Creatures
  A phantom (D:4)
  A sky beast (D:3)
  An ogre (D:5)
  An orc wizard (D:5)
  Terence (D:2)
  An iguana (D:4)
  Ijyb (D:3)
  A hound zombie (D:5)
  7 adders
  An ooze (D:1)
  2 worms
  4 leopard geckos
  9 orcs (D:5)
  6 bats
  2 giant cockroaches
  9 goblins
  5 hobgoblins
  3 jackals (D:4)
  5 kobolds
  2 quokkas
  5 frilled lizards
  4 rats
72 creatures vanquished.

Vanquished Creatures (others)
  A wizard (D:4)
1 creature vanquished.

Grand Total: 73 creatures vanquished

Notes
Turn   | Place    | Note
-------+----------+-------------------------------------------
     0 | D:1      | LufLufFighter the Merfolk Transmuter began the quest for
                  | the Orb.
     0 | D:1      | Reached XP level 1. HP: 15/15 MP: 3/3
   136 | D:1      | Reached skill level 3 in Transmutations
   136 | D:1      | Reached XP level 2. HP: 13/21 MP: 3/5
   139 | D:1      | Learned a level 2 spell: Wereblood
   810 | D:1      | Reached XP level 3. HP: 26/27 MP: 4/6
   814 | D:1      | Learned a level 3 spell: Spider Form
  1644 | D:2      | Noticed Terence
  1659 | D:2      | Killed Terence
  1660 | D:2      | Reached skill level 1 in Poison Magic
  1660 | D:2      | Reached XP level 4. HP: 30/34 MP: 4/7
  1781 | D:2      | Found a sacrificial altar of Ru.
  1866 | D:2      | Reached skill level 4 in Transmutations
  3185 | D:3      | Noticed a sky beast
  3193 | D:3      | Killed a sky beast
  3194 | D:3      | Reached XP level 5. HP: 31/41 MP: 5/9
  3199 | D:3      | Learned a level 4 spell: Ice Form
  3612 | D:3      | Found a bloodstained altar of Trog.
  3844 | D:3      | Noticed Ijyb
  3856 | D:3      | Killed Ijyb
  3857 | D:3      | Reached XP level 6. HP: 32/47 MP: 4/10
  4511 | D:4      | Noticed a phantom
  4558 | D:4      | Killed a phantom
  4559 | D:4      | Reached skill level 5 in Transmutations
  4559 | D:4      | Reached skill level 1 in Ice Magic
  4582 | D:4      | Found a bloodstained altar of Trog.
  4583 | D:4      | Noticed a wizard
  4588 | D:4      | Killed a wizard
  4945 | D:4      | Got an ichor-stained battleaxe
  4946 | D:4      | Identified the +11 battleaxe of an ice cave {pain, Int+2}
                  | (You found it on level 4 of the Dungeon)
  4998 | D:4      | Found a white marble altar of Elyvilon.
  5098 | D:4      | Identified the Papyrus of Spatial Conjuration
  5344 | D:5      | Entered Level 5 of the Dungeon
  5646 | D:5      | Found a sparkling altar of Nemelex Xobeh.
  5667 | D:5      | Reached XP level 7. HP: 28/53 MP: 8/12
  5895 | D:5      | Killed from afar by an orc wizard

Illustrated notes

Levels and vault maps discovered:
D:1:      heliophobic_arrival_glass_houses, layout_basic
D:2:      layout_basic, nicolae_ru_path_of_blood, uniq_terence
D:3:      layout_basic, lightli_temple_of_fire, minmay_misc_feat_tower,
          uniq_ijyb
D:4:      layout_cave_pools, overflow_temple_1_default, trog_wizard
D:5:      layout_loops_cross, minmay_misc_feat_doors,
          nemelex_diamond_rough_becter

Skill      XL: |  1  2  3  4  5  6 |
---------------+-------------------+-----
Transmutations | 3 4 5 |  5.4
Fighting       | 2 3 |  3.9
Poison Magic   | 1 2 3 |  3.3
Spellcasting   | 3 |  3.7
Ice Magic      | 2 |  2.1
Dodging        | |  2.6
Unarmed Combat | |  3.2

Action                   |  1- 3 |  4- 6 |  7- 9 || total
-------------------------+-------+-------+-------++-------
Melee: Unarmed           |    94 |   148 |    17 ||   259
       Headbutt          |     7 |     2 |       ||     9
       Punch             |     2 |       |       ||     2
 Cast: Beastly Appendage |    16 |     6 |       ||    22
       Spider Form       |     1 |    22 |     2 ||    25
Evoke: Wand              |       |       |     3 ||     3
  Use: Scroll            |       |     6 |     3 ||     9
 Stab: Sleeping          |     1 |     2 |       ||     3
Armor: Robe              |    12 |    18 |       ||    30
       Skin              |     1 |     4 |       ||     5
Dodge: Dodged            |    62 |   117 |    19 ||   198

Table legend: (Time is in decaauts)
 A = Elapsed time spent in this place.
 B = Non-inter-level travel time spent in this place.
 C = Inter-level travel time spent in this place.
 D = Time resting spent in this place.
 E = Time spent auto-exploring this place.
 F = Levels seen in this place.
 G = Mean time per level.
                   A        B        C        D        E       F      G
               +--------+--------+--------+--------+--------+-----+--------+
         Total |   5861 |   5775 |     86 |    826 |   4252 |   5 | 1172.2 |
       Dungeon |   5861 |   5775 |     86 |    826 |   4252 |   5 | 1172.2 |
               +--------+--------+--------+--------+--------+-----+--------+

Top non-repeatable levels by time:
     D:2: 1937 daAuts
     D:3: 1225 daAuts
     D:1: 1223 daAuts
     D:4: 926 daAuts
     D:5: 548 daAuts
